Map: Pillars of Gold LE

Players

Future

  • Race: Terran Terran
  • Spawn Location: 7:00

Scarlett - Winner!

  • Race: Zerg Zerg
  • League: Master
  • Spawn Location: 1:00

Event: DreamHack SC2 Masters 2020 Winter

VOD

Have the link to the VOD?

Description

Time

  • Played on: Oct. 27, 2020, 4:35 p.m.
  • Length: 4:27

All games in this series

Show
View Real Time Build Order
Export as new Build Order

Future Terran 

Build Orders:  

Get SALT Encoding   

  12  0:00  SCV  
  13  0:12  SCV  
  14  0:19  Supply Depot  
  14  0:24  SCV  
  15  0:40  SCV  
  15  0:41  Barracks  
  16  0:52  SCV  
  16  0:55  Engineering Bay  
  17  1:05  SCV  
  18  1:17  SCV  
  18  1:18  Refinery  
  19  1:29  Marine, Orbital Command  
  20  1:47  Marine  
  21  1:55  SCV  
  21  1:59  Command Center  
  22  2:05  Barracks Reactor  
  23  2:11  Supply Depot  
  23  2:12  SCV  
  23  2:19  Barracks  
  23  2:27  Refinery  
  23  2:32  SCV  
  24  2:42  Marine x2  
  26  2:45  Factory, SCV  
  27  2:54  Bunker  
  27  2:57  SCV  
  28  3:00  Marine  
  28  3:01  Marine  
  30  3:10  Barracks Tech Lab  
  30  3:13  SCV  
  30  3:19  Orbital Command  
  30  3:22  Marine  
  30  3:24  Marine  
  32  3:40  Starport  
  32  3:41  Factory Reactor  
  32  3:45  SCV  
  32  3:46  SCV  
  34  3:49  Marine  
  34  3:52  Marine  
  32  4:03  Marine  
  32  4:07  Marine  
  32  4:12  SCV  
Show
View Real Time Build Order
Export as new Build Order

Scarlett Zerg - Winner!

Build Orders: Pool First 

Get SALT Encoding   

  12  0:00  Drone  
  13  0:12  Overlord  
  13  0:17  Drone  
  14  0:30  Drone x2  
  14  0:34  Drone  
  17  0:44  Extractor  
  17  0:45  Drone  
  17  0:50  Spawning Pool  
  17  0:55  Drone  
  17  1:07  Drone  
  18  1:26  Overlord  
  18  1:36  Queen  
  18  1:38  Zergling x2  
  21  1:40  Zergling x2  
  21  1:44  Metabolic Boost  
  22  1:50  Zergling x2  
  23  2:03  Roach Warren  
  23  2:06  Drone  
  23  2:18  Hatchery  
  23  2:21  Drone  
  23  2:24  Overlord  
  25  2:44  Roach x3  
  25  2:46  Roach  
  31  2:55  Roach  
  33  3:10  Zergling x2  
  34  3:17  Zergling x2  
  34  3:19  Zergling x4  
  37  3:23  Overlord  
  37  3:26  Ravager  
  38  3:29  Queen  
  38  3:30  Zergling x2  
  38  3:32  Zergling x2  
  42  3:37  Ravager  
  42  3:40  Zergling x2  
  44  3:42  Zergling x2  
  45  3:50  Zergling x4  
  44  3:59  Zergling x6  
  43  4:05  Zergling x2  
  43  4:08  Zergling x2  
  45  4:13  Ravager  
Tags
 
Add a new tag
Caveats
  • Supply blocks, unpowered buildings, or Contaminate may cause inaccurate times.
  • Supply counts are checked every 10 seconds.